 Dungeon Crawl Stone Soup version 0.28.0 (webtiles) character file.

Game seed: 2784756732494286974

74 hikkokomori the Skirmisher (level 4, 0/35 (37) HPs)
             Began as a Formicid Fighter on Feb 10, 2022.
             Slain by a gnoll (10 damage)
             ... on level 2 of the Dungeon.
             The game lasted 00:02:30 (1477 turns).

hikkokomori the Skirmisher (Formicid Fighter)       Turns: 1477, Time: 00:02:31

HP:   0/35 (37)     AC:  8    Str: 22    XL:     4   Next: 54%
MP:   4/4           EV:  9    Int:  8    God:
Gold: 73            SH:  4    Dex: 10    Spells: 3/3 levels left

rFire   . . .      SeeInvis +   a - +0 quarterstaff
rCold   . . .      Faith    .   c - +0 buckler
rNeg    . . .      Spirit   .   b - +0 scale mail
rPois   .          Reflect  .   (helmet unavailable)
rElec   .          Harm     .   h - +0 cloak
rCorr   .          Rampage  .   (no gloves)
Will    .....                   (no boots)
Stlth   ..........              (no amulet)
HPRegen 0.11/turn               (no ring)
MPRegen 0.09/turn               (no ring)

@: drained
A: permanent stasis, dig shafts and tunnels, antennae 3, four strong arms
a: Dig, Shaft Self


You were on level 2 of the Dungeon.
You visited 1 branch of the dungeon, and saw 2 of its levels.

You collected 73 gold pieces.

Inventory:

Hand Weapons
 a - a +0 quarterstaff (weapon)
Armour
 b - a +0 scale mail (worn)
 c - a +0 buckler (worn)
 h - a +0 cloak (worn)
Scrolls
 g - a scroll of identify {unknown}
 i - a scroll of teleportation {unknown}
 j - a scroll of acquirement {unknown}
Potions
 d - a potion of might
 e - a potion of attraction {unknown}
 f - a potion of degeneration {unknown}


   Skills:
 + Level 4.1 Fighting
 + Level 3.0 Staves
 + Level 4.1 Armour
 - Level 3.6 Shields


You had 3 spell levels left.
You didn't know any spells.
Your spell library contained the following spells:

 Spells                   Type           Power      Damage    Failure   Level
 Corpse Rot               Necr/Air       0%         N/A       90%         2
 Poisonous Vapours        Pois/Air       0%         N/A       90%         2


Dungeon Overview and Level Annotations

Branches:
Dungeon (2/15)

Altars:

Shops:
D:1 [


Innate Abilities, Weirdness & Mutations

You cannot be hasted, slowed, berserked, paralysed or teleported.
You can dig through walls and to a lower floor.
You have a pair of large antennae on your head. (SInv)
Your four strong arms can wield two-handed weapons with a shield.


Message History

You hit the gnoll.
The gnoll is severely wounded.
The gnoll hits you with a +0 whip.
You barely miss the gnoll.
The gnoll is severely wounded.
The gnoll barely misses you.
You hit the gnoll but do no damage.
The gnoll is severely wounded.
The gnoll hits you with a +0 whip.
You hit the gnoll but do no damage.
The gnoll is severely wounded.
The gnoll barely misses you.
You barely miss the gnoll.
The gnoll is severely wounded.
The gnoll hits you with a +0 whip.
You hit the gnoll.
You kill the gnoll!
You are too injured to fight recklessly!
You are too injured to fight recklessly!
You are too injured to fight recklessly!
You are too injured to fight recklessly!
You hit the gnoll.
The gnoll is lightly wounded.
The gnoll closely misses you. The gnoll hits you with a +0 whip.
You closely miss the gnoll.
The gnoll is lightly wounded.
The gnoll barely misses you.
You hit the gnoll.
The gnoll is heavily wounded.
The gnoll hits you with a +0 whip!
* * * LOW HITPOINT WARNING * * *
You hit the gnoll but do no damage.
The gnoll is heavily wounded.
The gnoll hits you but does no damage.
You hit the gnoll.
You kill the gnoll!
Your Staves skill increases to level 3!
You barely miss the gnoll. The gnoll closely misses you.
The gnoll hits you with a +0 halberd!
You die...

#.#....#
#...).......########
#+#....# #......######
......######...#.###########
.....###..###..#.##........#
....###....###.#.##...g....#
....##......##.#....ggg....#
...............####g########
..............###g#.######
..............##@#........#
#.#########...#####.......#
#.# #....................#
#.# #.####...####........#
#.# #.# #...# #........# #.#
#.# ##### #........# ..# #.#
.......... ..# #.# .......
..# #.#


You could see a gnoll.

Vanquished Creatures
  2 gnolls (D:2)
  An adder (D:2)
  2 bats
  8 endoplasms
  4 giant cockroaches
  5 goblins
  A hobgoblin (D:2)
  4 jackals (D:2)
  5 ball pythons
  3 frilled lizards
  3 kobolds (D:1)
  4 rats
42 creatures vanquished.

Notes
Turn   | Place    | Note
-------+----------+-------------------------------------------
     0 | D:1      | hikkokomori the Formicid Fighter began the quest for the
                  | Orb.
     0 | D:1      | Reached XP level 1. HP: 18/18 MP: 1/1
    35 | D:1      | Found Suygih's Antique Armour Emporium.
   145 | D:1      | Reached XP level 2. HP: 24/24 MP: 2/2
   368 | D:1      | Reached XP level 3. HP: 20/30 MP: 3/3
  1312 | D:2      | Reached XP level 4. HP: 37/37 MP: 4/4
  1477 | D:2      | Slain by a gnoll

Illustrated notes

Levels and vault maps discovered:
D:1:      lemuel_arrival_hallway, layout_rooms, serial_shops, shop_fountains
D:2:      layout_basic, minivault_19, uniq_terence

Skill      XL: |  1  2  3  4 |
---------------+-------------+-----
Fighting       | 4 |  4.1
Armour         | 4 |  4.1
Staves         | 3 |  3.0
Shields        | |  3.6

Action                   |  1- 3 |  4- 6 || total
-------------------------+-------+-------++-------
Melee: Quarterstaff      |   108 |    36 ||   144
 Abil: Dig               |     1 |     2 ||     3
Armor: Scale mail        |    65 |    16 ||    81
Dodge: Dodged            |    60 |    28 ||    88
Block: Buckler           |    25 |    10 ||    35
